 Dungeon Crawl Stone Soup version 0.21.1-1-g345015fe64 (webtiles) character file.

1676071 KamiKatze the Slayer (level 27, 318/318 HPs)
             Began as an Ogre Fighter on Feb 23, 2018.
             Was the Champion of Okawaru.
             Escaped with the Orb
             ... and 3 runes on Feb 24, 2018!
             The game lasted 06:38:21 (75923 turns).

KamiKatze the Slayer (Ogre Fighter)                Turns: 75923, Time: 06:38:22

Health: 318/318    AC: 33    Str: 39    XL:     27
Magic:  41/41      EV: 15    Int:  9    God:    Okawaru [******]
Gold:   4840       SH: 26    Dex: 10    Spells: 26/26 levels left

rFire    + + .     SeeInvis +   a - +7 broad axe (vamp)
rCold    + + .     Gourm    .   K - +2 large shield {rPois}
rNeg     + . .     Faith    .   z - +10 gold dragon scales
rPois    +         Spirit   .   o - +0 hat of Witouruat {rElec rN+ Str+4}
rElec    +         Reflect  .   J - scarf {rC+ rF+}
rCorr    +         Harm     .   (gloves unavailable)
MR       +++..                  (boots unavailable)
Stlth    ..........             s - amulet of regeneration
HPRegen  1.03/turn              M - ring of see invisible
MPRegen  0.27/turn              e - ring of resist corrosion

@: studying Throwing
A: large, unfitting armour, repulsion field 1, blurry vision 1, high mp 1, magic
resistance 1, mutation resistance 1, tough skin 1
0: Orb of Zot
}: 3/15 runes: barnacled, silver, gossamer
a: Heroism, Finesse, Renounce Religion


You escaped.
You worshipped Okawaru.
Okawaru was exalted by your worship.
You were not hungry.

You visited 9 branches of the dungeon, and saw 47 of its levels.
You visited the Abyss 1 time.
You visited 1 ziggurat, and saw 4 of its levels.
You also visited: Ice Cave.

You collected 6416 gold pieces.
You spent 1576 gold pieces at shops.

Inventory:

Hand Weapons
 a - a +7 vampiric broad axe (weapon)
 i - a +0 eudemon blade of holy wrath
Missiles
 A - 130 large rocks (quivered)
 Q - 10 throwing nets
Armour
 o - the +0 hat of Witouruat (worn) {rElec rN+ Str+4}
   (Okawaru gifted it to you on level 6 of the Lair of Beasts)

   It affects your strength (+4).
   It insulates you from electricity.
   It protects you from negative energy.
 z - +10 gold dragon scales (worn)
 J - a scarf of resistance (worn)
 K - a +2 large shield of poison resistance (worn)
 T - a +2 cloak of magic resistance
Jewellery
 e - a ring of resist corrosion (right hand)
 s - an amulet of regeneration (around neck)
 M - a ring of see invisible (left hand)
Wands
 c - a wand of disintegration (53)
 u - a wand of clouds (6)
 x - a wand of paralysis (31)
 y - a wand of flame (141)
 D - a wand of scattershot (6)
 S - a wand of digging (67)
 U - a wand of polymorph (49)
 V - a wand of acid (27)
 Z - a wand of iceblast (65)
Scrolls
 g - 14 scrolls of identify
 h - 7 scrolls of blinking
 j - 8 scrolls of fear
 k - 32 scrolls of remove curse
 l - 5 scrolls of fog
 p - 26 scrolls of teleportation
 C - a scroll of magic mapping
 N - 3 scrolls of summoning
 O - a scroll of holy word
Potions
 b - 5 potions of mutation
 d - 14 potions of might
 n - 14 potions of flight
 q - 15 potions of lignification
 r - 13 potions of curing
 v - 4 potions of cancellation
 w - 2 potions of agility
 B - 3 potions of berserk rage
 E - 2 potions of invisibility
 G - 6 potions of haste
 H - a potion of heal wounds
 X - 4 potions of resistance
Books
 t - a manual of Throwing
Comestibles
 f - 53 rations


   Skills:
 + Level 26.1 Fighting
 - Level 19.0 Axes
 - Level 15.0 Throwing
 + Level 19.1 Armour
 + Level 18.6 Dodging
 - Level 16.1 Shields
 + Level 21.1 Invocations


You had 26 spell levels left.
You didn't know any spells.

Dungeon Overview and Level Annotations

Branches:
Dungeon (15/15)            Temple (1/1) D:5            Lair (6/6) D:9
 Shoals (4/4) Lair:3       Spider (4/4) Lair:4        Slime (0/5) Lair:5
    Orc (2/2) D:12            Elf (0/3) Orc:2        Vaults (5/5) D:14
  Crypt (0/3) Vaults:3     Depths (5/5) D:15            Zot (5/5) Depths:5

Altars:
Ashenzari
Cheibriados
Dithmenos
Elyvilon
Fedhas
Gozag
Hepliaklqana
Kikubaaqudgha
Makhleb
Nemelex Xobeh
Okawaru
Qazlal
Ru
Sif Muna
Trog
Uskayaw
Vehumet
Wu Jian
Xom
Yredelemnul
Zin
The Shining One
Beogh
Jiyva

Shops:
D:4 ?   D:7 =   D:9 *   Orc:2 (:[*   Vaults:2 (   Vaults:3 *

Portals:
Hell: Depths:1 Depths:2 Depths:3 Depths:4 Depths:5
Abyss: Depths:4 Depths:5
Pandemonium: Depths:3
Trove: Depths:2 (give +8 demon blade)

Annotations:
Shoals:4 Ilsuiw
Depths:3 1 transporter


Innate Abilities, Weirdness & Mutations

You are too large for most types of armour.
You have tough skin. (AC +1)
You are surrounded by a mild repulsion field. (EV +2)
Scrolls take you a little longer to read.
You have an increased reservoir of magic. (+10% MP)
You are resistant to hostile enchantments. (MR+)
You are somewhat resistant to further mutation.


Message History

A cherub comes into view. It is wielding a long sword of flaming.
There is a stone staircase leading up here.
You climb upwards.
There is a stone staircase leading down here.
(D) Dungeon (T) Temple (L) Lair (A) Shoals (N) Spider Nest (M) Slime Pits (O) Orcish Mines (E) Elven Halls (V) Vaults (C) Crypt (U) Depths (H) Hell (Z) Zot
Where to? (* - list waypoints, Enter - D:1 @ (x,y), ? - help) HP restored.
There is a stone staircase leading up here.
You climb upwards.
There is a stone staircase leading down here.
There is a stone staircase leading up here.
You climb upwards.
There is a stone staircase leading down here.
There is an open door here.
There is a staircase leading out of the dungeon here.
You can't go down here!
You have escaped!

.########...########.##########.#
..# #...# #.# #.# #.## #...# #.#
#.# #..# #...# #.# #.# ##.# #...#
#.# #.# ##.# #...## #)# #.#
##.#######...#######.# #.#
##.#.....#...#.....#.# #.#
#.#.....'...#..@..#.##########.#
#.#.....##.##.....#.............
#.########รท####'###.##########.#
#......##...##......#..........#
#....[.##...##......#.##########
#.###'####.####'###.#.# #...
#.#..)..##.##.....#.#.# #.##
#.#..>..#...#.....#.#.# #.#
#.#.....#...#.....#.#.# #.#


There were no monsters in sight!

Vanquished Creatures
  A pandemonium lord (Depths:1)
  3 ancient liches (Zot:5)
  Mennas (Vaults:5)
  7 orbs of fire
  Mara (Depths:1)
  A juggernaut (Depths:2)
  Boris (Depths:5)
  Bai Suzhen (Vaults:2)
  4 Killer Klowns
  A caustic shrike (Depths:2)
  3 curse toes (Zot:2)
  9 golden dragons
  A bone dragon (Depths:4)
  the Enchantress (Depths:4)
  5 electric golems
  A Brimstone Fiend (D:10)
  18 tentacled monstrosities
  2 liches
  An Ice Fiend (Depths:5)
  25 Orb Guardians (Zot:5)
  5 quicksilver dragons
  2 quicksilver dragons (shapeshifter) (Depths:4)
  4 titans
  8 sphinxes
  A kraken (Shoals:2)
  6 acid blobs (Zot:1)
  A deep elf master archer (Depths:4)
  6 death cobs
  2 tentacled starspawn (Abyss:3)
  Kirke (Shoals:1)
  An Executioner (Depths:2)
  11 shadow dragons
  7 draconian monks
  A storm dragon (shapeshifter) (Depths:4)
  A nagaraja (Zig:3)
  13 storm dragons
  15 fire giants
  8 tengu reavers
  An azure jelly (Zig:2)
  5 draconian knights
  20 vault wardens
  3 orc warlords
  6 ghost moths
  7 draconian scorchers
  A deep elf sorcerer (Depths:5)
  An iron dragon (Depths:4)
  2 balrugs
  Louise (Shoals:1)
  4 emperor scorpions
  10 frost giants
  6 draconian stormcallers
  A deep elf elementalist (Vaults:5)
  4 spriggan defenders
  5 draconian shifters
  7 draconian annihilators
  20 ironheart preservers
  18 stone giants
  An entropy weaver (shapeshifter) (Depths:4)
  A deep elf demonologist (Vaults:3)
  17 very ugly things
  2 war gargoyles (Depths:4)
  7 entropy weavers
  A vampire knight (Depths:3)
  2 lorocyprocas (Depths:4)
  11 green draconians
  14 black draconians
  34 yellow draconians
  8 white draconians
  14 purple draconians
  8 red draconians
  3 deep elf annihilators
  2 merfolk javelineers (Shoals:4)
  The ghost of framaz the Geomancer, a journeyman GrEE of Vehumet (Lair:3)
  6 spark wasps
  A crystal guardian (Depths:4)
  15 ettins
  A minotaur (shapeshifter) (Vaults:3)
  11 fire dragons
  2 deep elf death magi (Vaults:5)
  15 merfolk impalers
  10 rakshasas
  Josephine (D:11)
  4 great orbs of eyes
  3 deep elf high priests (Vaults:5)
  17 yaktaur captains
  2 jiangshi (Depths:2)
  39 vault guards
  6 hydras
  12 ice dragons
  5 spriggan air magi
  3 merfolk avatars
  2 death knights
  19 ogre magi
  A naga warrior (Zig:3)
  2 alligator snapping turtles
  An alligator (shapeshifter) (Depths:4)
  59 two-headed ogres
  17 centaur warriors
  A catoblepas (D:15)
  2 merfolk aquamancers
  3 juggernaut simulacra (Depths:4)
  A satyr (shapeshifter) (Depths:4)
  4 dancing weapons (Depths:4)
  Erica (D:8)
  A two-headed ogre (shapeshifter) (Vaults:4)
  A queen ant (shapeshifter) (Depths:4)
  7 deep troll earth magi
  2 satyrs (Shoals:3)
  A shock serpent (Depths:4)
  4 tengu warriors
  A vampire mage (Depths:2)
  3 deep troll shamans
  5 spriggan berserkers
  A titan zombie (Vaults:5)
  2 hell knights
  3 orc high priests (Orc:2)
  6 sun demons
  3 deep elf knights
  Sonja (D:14)
  3 shadow wraiths
  An iron troll (Depths:3)
  12 skeletal warriors
  2 glowing orange brains (shapeshifter)
  14 sea snakes
  4 flayed ghosts
  2 unseen horrors
  A death drake (shapeshifter) (Vaults:3)
  19 deep trolls
  6 wizards
  An unseen horror (shapeshifter) (Vaults:5)
  A shadow dragon zombie (Vaults:5)
  3 harpies (Shoals:1)
  16 ironbrand convokers
  A lindwurm (Lair:6)
  5 deep elf archers
  25 wolf spiders
  3 glowing orange brains
  12 deep elf magi
  3 wolf spider zombies
  5 necromancers
  34 ugly things
  4 phantasmal warriors
  A wolf spider (shapeshifter) (Vaults:5)
  3 oklob plants
  15 orb spiders
  10 orc knights
  16 manticores
  11 orc sorcerers
  30 moths of wrath
  3 large abominations
  A sphinx skeleton (Vaults:5)
  9 fauns
  A stone giant zombie (Depths:2)
  An elephant (shapeshifter) (Vaults:5)
  8 cyclopes
  6 black mambas
  A moth of wrath (shapeshifter) (Vaults:5)
  4 naga magi
  10 merfolk sirens
  A rust devil (D:15)
  A smoke demon (D:4)
  3 centaur zombies
  A fire giant skeleton (Depths:1)
  5 water nymphs
  An ice statue (IceCv)
  15 vault sentinels
  A spiny frog (shapeshifter) (Depths:5)
  9 spiny frogs
  7 torpor snails
  3 kobold demonologists
  13 demonic crawlers
  61 yaktaurs
  16 freezing wraiths
  2 hellwings
  A guardian mummy (Zig:1)
  3 rime drakes
  5 komodo dragons
  2 anaconda simulacra (Depths:4)
  2 efreet
  2 tengu conjurers
  6 wind drakes
  2 trolls
  A wind drake (shapeshifter) (Depths:5)
  26 jumping spiders
  48 merfolk
  A queen bee (shapeshifter) (Vaults:5)
  10 polar bears
  22 hornets
  2 tyrant leeches (shapeshifter)
  Prince Ribbit (D:5)
  A merfolk (shapeshifter) (Vaults:5)
  A shadow dragon simulacrum (Depths:1)
  A wolf spider simulacrum (D:15)
  4 tyrant leeches (Lair:6)
  13 blink frogs
  A snapping turtle (shapeshifter) (Depths:4)
  2 raiju (shapeshifter)
  4 raiju (Lair:6)
  28 slime creatures
  7 snapping turtles
  A frost giant simulacrum (Depths:1)
  10 dream sheep
  A hippogriff (shapeshifter) (Depths:1)
  4 hippogriffs
  A fire giant simulacrum (Vaults:5)
  An ettin zombie (Depths:2)
  A flying skull (Zig:1)
  A human simulacrum (Vaults:1)
  A shadow (D:14)
  5 air elementals
  A tarantella (shapeshifter) (Depths:1)
  17 water elementals
  The ghost of luab the Digger, an amateur GrEE (D:4)
  78 redbacks
  A vampire (D:13)
  37 tarantellas
  A yak (shapeshifter) (Vaults:3)
  2 ynoxinuls
  5 hogs (Shoals:1)
  54 yaks
  4 spriggans
  6 wyverns
  21 humans (D:14)
  5 wraiths
  2 hungry ghosts
  3 basilisks
  2 small abominations (Abyss:3)
  A chaos spawn (Abyss:3)
  Edmund (D:4)
  A steam dragon (D:8)
  12 wargs
  A naga (Zig:3)
  A soldier ant (D:9)
  4 acid dragons
  12 water moccasins
  11 hell hounds (Lair:6)
  12 porcupines
  4 phantoms
  34 orc warriors
  4 sky beasts
  18 black bears
  2 eyes of draining
  11 boggarts
  An eye of draining (shapeshifter) (Vaults:3)
  8 ice beasts
  22 wolves
  31 centaurs
  11 crocodiles
  33 ogres
  5 big kobolds
  A gnoll sergeant (D:11)
  A glowing shapeshifter simulacrum (Depths:2)
  17 bullfrogs
  A human skeleton (Vaults:5)
  3 scorpions
  3 elephant simulacra (IceCv)
  8 wights
  4 howler monkeys
  11 crimson imps
  A bullfrog zombie (D:12)
  5 draconian simulacra (IceCv)
  32 jellies
  3 centaur skeletons
  8 hounds
  29 orc wizards
  27 orc priests
  An iron imp (D:8)
  A bullfrog skeleton (D:13)
  6 iguanas
  Ijyb (D:5)
  12 worker ants
  A spriggan simulacrum (IceCv)
  4 troll simulacra (IceCv)
  A wolf simulacrum (IceCv)
  2 centaur simulacra (IceCv)
  A hound zombie (D:8)
  3 hound skeletons
  A mummy (Zig:1)
  5 gnolls (D:11)
  A howler monkey skeleton (D:5)
  3 naga simulacra (IceCv)
  9 adders
  5 ogre simulacra (IceCv)
  2 shadow imps
  13 white imps
  18 oozes
  An adder zombie (D:7)
  A dart slug (D:2)
  10 leopard geckos
  92 orcs
  6 bats
  4 giant cockroaches
  9 hobgoblins
  4 jackals (D:8)
  A kobold (shapeshifter) (Depths:4)
  6 quokkas
  A frilled lizard (shapeshifter) (Depths:4)
  5 frilled lizards
  6 goblins
  19 kobolds
  A quokka skeleton (D:6)
  8 rats
  A butterfly (D:5)
  7 fungi
  33 plants
  3 tentacles (Shoals:2)
2345 creatures vanquished.

Vanquished Creatures (others)
  A death cob (Zot:3)
  A draconian monk (Zot:4)
  2 fire giants
  A draconian knight (Zot:5)
  An ironheart preserver (Vaults:3)
  5 merfolk javelineers
  3 yaktaur captains
  A satyr (Shoals:2)
  2 centaur warriors
  A glowing orange brain (Vaults:3)
  A sea snake (Shoals:4)
  An ironbrand convoker (Vaults:3)
  3 fauns
  3 cyclopes
  A moth of wrath (Zot:5)
  A vault sentinel (Vaults:1)
  9 yaktaurs
  A freezing wraith (Vaults:5)
  A warg (Vaults:5)
  A boggart (Vaults:1)
  8 centaurs
  A bullfrog (Lair:5)
  2 jellies (Zot:1)
  An orc (Orc:2)
  30 fungi
  A lurking horror (Abyss:3)
  43 plants
  8 starspawn tentacles (Abyss:3)
  13 tentacles (Shoals:2)
147 creatures vanquished.

Grand Total: 2492 creatures vanquished

Notes
Turn   | Place    | Note
-------+----------+-------------------------------------------
     0 | D:1      | KamiKatze the Ogre Fighter began the quest for the Orb.
     0 | D:1      | Reached XP level 1. HP: 24/24 MP: 1/1
   139 | D:1      | Reached XP level 2. HP: 28/32 MP: 2/2
   807 | D:2      | Reached XP level 3. HP: 22/40 MP: 3/3
  1172 | D:2      | Found an iron altar of Okawaru.
  1181 | D:2      | Became a worshipper of Warmaster Okawaru
  1345 | D:2      | Reached XP level 4. HP: 36/49 MP: 4/4
  1828 | D:3      | Found an ancient bone altar of Kikubaaqudgha.
  1978 | D:3      | Reached XP level 5. HP: 33/55 MP: 5/5
  2484 | D:4      | Reached skill level 5 in Fighting
  2506 | D:4      | Noticed an ogre
  2676 | D:4      | Found a blossoming altar of Fedhas.
  2775 | D:4      | Noticed luab's ghost (amateur GrEE)
  2813 | D:4      | Found a basalt altar of Yredelemnul.
  2950 | D:5      | Entered Level 5 of the Dungeon
  2965 | D:5      | Noticed Ijyb
  2988 | D:5      | Noticed an ogre
  2998 | D:4      | Found Rozoj's Magic Scroll Shoppe.
  3000 | D:4      | Reached XP level 6. HP: 66/66 MP: 6/6
  3001 | D:4      | Noticed Edmund
  3016 | D:4      | Killed luab's ghost
  3016 | D:4      | Reached * piety under Okawaru
  3023 | D:4      | Killed Edmund
  3023 | D:4      | Reached XP level 7. HP: 31/74 MP: 7/7
  3267 | D:4      | Reached skill level 5 in Axes
  3271 | D:4      | Reached ** piety under Okawaru
  3271 | D:4      | Reached skill level 6 in Fighting
  3294 | D:4      | Bought a scroll of noise for 10 gold pieces
  4049 | D:5      | Reached skill level 1 in Invocations
  4225 | D:5      | Found a staircase to the Ecumenical Temple.
  4234 | Temple   | Entered the Ecumenical Temple
  4532 | D:5      | Noticed Prince Ribbit
  4621 | D:5      | Reached XP level 8. HP: 84/84 MP: 9/9
  4756 | D:5      | Killed Ijyb
  4859 | D:6      | Found a hide-covered altar of Uskayaw.
  5453 | D:6      | Reached skill level 7 in Fighting
  5608 | D:6      | Reached *** piety under Okawaru
  5610 | D:6      | Reached skill level 5 in Dodging
  5610 | D:6      | Reached skill level 5 in Shields
  5776 | D:7      | Reached XP level 9. HP: 40/93 MP: 11/11
  5967 | D:7      | Found a bloodstained altar of Trog.
  6259 | D:7      | Found Hymaowos's Jewellery Shop.
  6270 | D:7      | Bought an uncursed ring of see invisible for 210 gold pieces
  6570 | D:5      | Killed Prince Ribbit
  6570 | D:5      | Reached **** piety under Okawaru
  6570 | D:5      | Reached skill level 8 in Fighting
  6681 | D:8      | Noticed Erica
  6686 | D:8      | Killed Erica
  6774 | D:8      | Reached XP level 10. HP: 106/106 MP: 13/13
  6974 | D:8      | Reached skill level 5 in Invocations
  7147 | D:8      | Noticed a two-headed ogre
  7190 | D:8      | Killed a two-headed ogre
  7190 | D:8      | Reached ***** piety under Okawaru
  7190 | D:8      | Reached skill level 9 in Fighting
  7211 | D:8      | Found a stormy altar of Qazlal.
  7595 | D:9      | Noticed a two-headed ogre
  7605 | D:9      | Killed a two-headed ogre
  7613 | D:9      | Found a staircase to the Lair.
  7959 | D:9      | Found Kur Caty's Assorted Antiques.
  7968 | D:9      | Bought 3 scrolls labeled WIECZE CIRE for 87 gold pieces
  7969 | D:9      | Bought a smoky sapphire potion for 26 gold pieces
  8047 | D:9      | Noticed a two-headed ogre
  8069 | D:9      | Received a gift from Okawaru
  8081 | D:9      | Got a twisted broad axe {god gift}
  8086 | D:9      | Identified the +6 broad axe of Rouz {freeze, *Corrode +Inv rElec rC++} (Okawaru gifted it to you on level 9 of the Dungeon)
  8152 | D:9      | Killed a two-headed ogre
  8266 | D:9      | Reached skill level 10 in Axes
  8266 | D:9      | Reached XP level 11. HP: 92/117 MP: 15/15
  8337 | D:9      | Found a hazy altar of Hepliaklqana.
  8381 | D:9      | Noticed a two-headed ogre
  8387 | D:9      | Reached skill level 10 in Fighting
  8530 | D:9      | Killed a two-headed ogre
  9071 | D:10     | Entered Level 10 of the Dungeon
  9085 | D:10     | Got a crude robe
  9096 | D:10     | Identified the +1 robe of Oblivion {Int+4 Dex+3} (You found it on level 10 of the Dungeon)
  9227 | D:10     | Noticed an unseen horror
  9238 | D:10     | Killed an unseen horror
  9735 | D:11     | Noticed a manticore
  9744 | D:11     | Killed a manticore
  9761 | D:11     | Noticed a cyclops
  9871 | Lair:1   | Entered Level 1 of the Lair of Beasts
  9956 | Lair:1   | Found a frozen archway.
  9981 | IceCv    | Entered an ice cave
 10296 | IceCv    | Received a gift from Okawaru
 10943 | IceCv    | Found an ancient bone altar of Kikubaaqudgha.
 10991 | IceCv    | Reached XP level 12. HP: 111/128 MP: 9/17
 10993 | IceCv    | Reached skill level 11 in Fighting
 12115 | IceCv    | Identified Mifits's Disquisition on the Frostbite
 12293 | Lair:1   | Noticed a seven-headed hydra
 12306 | Lair:1   | Killed a one-headed hydra
 13291 | Lair:1   | Noticed a five-headed hydra
 13303 | Lair:1   | Killed a one-headed hydra
 13881 | Lair:2   | Received a gift from Okawaru
 14492 | Lair:2   | Reached skill level 12 in Fighting
 14492 | Lair:2   | Reached XP level 13. HP: 99/140 MP: 19/19
 15248 | Lair:3   | Noticed framaz's ghost (journeyman GrEE)
 15666 | Lair:3   | Killed framaz's ghost
 16218 | Lair:3   | Found a staircase to the Shoals.
 17037 | Lair:1   | Identified 3 scrolls of acquirement
 17083 | Lair:1   | Got an opalescent robe
 17095 | Lair:1   | Identified the +1 robe of Mucwar {MR+ Dex-2 SInv} (You acquired it on level 1 of the Lair of Beasts)
 17490 | Lair:4   | Found a hole to the Spider Nest.
 18036 | Lair:5   | Found a viscous altar of Jiyva.
 18036 | Lair:5   | Found a staircase to the Slime Pits.
 18421 | Lair:6   | Entered Level 6 of the Lair of Beasts
 18435 | Lair:6   | Reached skill level 1 in Armour
 18452 | Lair:6   | Received a gift from Okawaru
 18927 | Lair:6   | Reached skill level 10 in Invocations
 18980 | Lair:6   | Found a runed door.
 19018 | Lair:6   | Reached skill level 13 in Fighting
 19203 | Lair:6   | Reached XP level 14. HP: 124/153 MP: 21/21
 20444 | Lair:6   | Reached ****** piety under Okawaru
 20679 | Lair:6   | Received a gift from Okawaru
 20694 | Lair:6   | Got a distressingly furry hat {god gift}
 20705 | Lair:6   | Identified the +0 hat of Witouruat {rElec rN+ Str+4} (Okawaru gifted it to you on level 6 of the Lair of Beasts)
 21641 | D:11     | Reached skill level 10 in Dodging
 21745 | D:11     | Noticed Josephine
 21752 | D:11     | Killed Josephine
 22468 | D:12     | Reached skill level 5 in Armour
 22595 | D:12     | Found a staircase to the Orcish Mines.
 23010 | D:13     | Found a stormy altar of Qazlal.
 23615 | D:13     | Reached XP level 15. HP: 155/162 MP: 23/23
 23791 | Orc:1    | Entered Level 1 of the Orcish Mines
 23924 | Orc:2    | Entered Level 2 of the Orcish Mines
 23955 | Orc:2    | Found a staircase to the Elven Halls.
 23983 | Orc:2    | Reached skill level 14 in Fighting
 24145 | Orc:2    | Found a roughly hewn altar of Beogh.
 24200 | Orc:1    | You fall through a shaft!
 24456 | Orc:1    | Found a bloodstained altar of Trog.
 25097 | Orc:2    | Received a gift from Okawaru
 25105 | Orc:2    | Got an iridescent broad axe {god gift}
 25131 | Orc:2    | Identified the +1 broad axe of Xuohuck {chop, rC- MR+ Stlth+} (Okawaru gifted it to you on level 2 of the Orcish Mines)
 25467 | Orc:2    | Reached skill level 15 in Axes
 25584 | Orc:2    | Noticed an orc warlord
 25626 | Orc:2    | Killed an orc warlord
 25849 | Orc:2    | Found Pepoulae's Antique Armour Boutique.
 25850 | Orc:2    | Found Daipa's Antique Weapon Shop.
 25873 | Orc:2    | Found Hajydais's General Store.
 25873 | Orc:2    | Found Sisatoa's Book Boutique.
 26444 | D:14     | Received a gift from Okawaru
 26959 | D:14     | Noticed Sonja
 26997 | D:14     | Killed Sonja
 27368 | D:14     | Found a gate to the Vaults.
 27419 | D:14     | Reached XP level 16. HP: 172/172 MP: 24/24
 27599 | D:15     | Entered Level 15 of the Dungeon
 27855 | D:15     | Received a gift from Okawaru
 28371 | D:15     | Found a staircase to the Depths.
 29175 | D:7      | Bought an uncursed ring of resist corrosion for 280 gold pieces
 29339 | Spider:1 | Entered Level 1 of the Spider Nest
 31314 | Spider:2 | Received a gift from Okawaru
 31810 | Spider:2 | Reached skill level 15 in Fighting
 32809 | Spider:3 | Reached XP level 17. HP: 181/184 MP: 26/26
 33601 | Spider:3 | Received a gift from Okawaru
 33693 | Spider:4 | Entered Level 4 of the Spider Nest
 33897 | Spider:4 | Reached skill level 16 in Fighting
 36396 | Spider:4 | Got a gossamer rune of Zot
 36837 | Shoals:1 | Entered Level 1 of the Shoals
 36961 | Shoals:1 | Noticed Louise
 37003 | Shoals:1 | Killed Louise
 37003 | Shoals:1 | Received a gift from Okawaru
 37489 | Shoals:1 | Noticed Kirke
 37507 | Shoals:1 | Killed Kirke
 37507 | Shoals:1 | Reached skill level 10 in Armour
 37834 | Shoals:1 | Reached XP level 18. HP: 109/198 MP: 28/28
 39078 | Shoals:2 | Received a gift from Okawaru
 40182 | Shoals:3 | Reached skill level 17 in Fighting
 40627 | Shoals:3 | Reached skill level 15 in Invocations
 41751 | Shoals:4 | Entered Level 4 of the Shoals
 41970 | Shoals:4 | Got a crude quarterstaff
 42822 | Shoals:3 | Received a gift from Okawaru
 42827 | Shoals:3 | Got a heavily runed shield {god gift}
 42841 | Shoals:3 | Identified the +7 shield "Dakhu" {Stlth+} (Okawaru gifted it to you on level 3 of the Shoals)
 44391 | Shoals:4 | Got a barnacled rune of Zot
 44444 | Shoals:4 | Reached XP level 19. HP: 210/210 MP: 30/30
 45049 | Shoals:4 | Noticed Ilsuiw
 45064 | Shoals:4 | Cast into level 3 of the Abyss (merfolk impaler)
 45317 | Shoals:4 | Escaped the Abyss
 45983 | Vaults:1 | Entered Level 1 of the Vaults
 46274 | Vaults:1 | Received a gift from Okawaru
 46278 | Vaults:1 | Reached skill level 18 in Fighting
 47726 | Vaults:2 | Noticed Bai Suzhen
 47806 | Vaults:2 | Killed Bai Suzhen
 47816 | Vaults:2 | Received a gift from Okawaru
 48492 | Vaults:2 | Reached XP level 20. HP: 223/223 MP: 31/31
 48560 | Vaults:2 | Reached skill level 1 in Throwing
 48959 | Vaults:2 | Received a gift from Okawaru
 49202 | Vaults:2 | Found Xicikhis's Weapon Boutique.
 49902 | Vaults:3 | Reached skill level 19 in Fighting
 49965 | Vaults:3 | Received a gift from Okawaru
 49970 | Vaults:3 | Got an ichor-stained robe {god gift}
 49982 | Vaults:3 | Identified the +1 robe of Pantheism {+Inv rC+ rN+ Str+3 Dex-3} (Okawaru gifted it to you on level 3 of the Vaults)
 50525 | Vaults:3 | Found Kuidghal's General Store.
 50819 | Vaults:3 | Got a crude platinum ring
 51051 | Vaults:3 | Found a staircase to the Crypt.
 51051 | Vaults:3 | Found an ancient bone altar of Kikubaaqudgha.
 51052 | Vaults:3 | Found a basalt altar of Yredelemnul.
 51286 | Vaults:4 | Received a gift from Okawaru
 51286 | Vaults:4 | Reached XP level 21. HP: 215/234 MP: 32/32
 51359 | Vaults:4 | Received a gift from Okawaru
 51390 | Vaults:4 | Reached skill level 5 in Throwing
 51409 | Vaults:4 | Got an ichor-stained robe {god gift}
 51787 | Vaults:4 | Identified the ring of Ynisigh {rC++ MP+9} (You found it on level 3 of the Vaults)
 52092 | Vaults:4 | Reached skill level 20 in Fighting
 52092 | Vaults:4 | Reached skill level 15 in Armour
 52470 | Vaults:4 | Received a gift from Okawaru
 53011 | Lair:1   | Identified the +1 robe of the Black Moon {Str+2 Int+2} (Okawaru gifted it to you on level 4 of the Vaults)
 53231 | Depths:1 | Entered Level 1 of the Depths
 53231 | Depths:1 | Found a gateway to a ziggurat.
 53574 | Depths:1 | Reached XP level 22. HP: 230/248 MP: 33/33
 53667 | Depths:1 | Found a gateway to Hell.
 53965 | Depths:1 | Received a gift from Okawaru
 54730 | Depths:2 | Noticed Mara
 54837 | Depths:1 | Noticed KamiKatze's illusion
 54847 | Depths:1 | Killed Mara
 55921 | Depths:2 | Found a portal to a secret trove of treasure.
 56006 | Depths:2 | Reached skill level 21 in Fighting
 56230 | Depths:2 | Received a gift from Okawaru
 56384 | Depths:2 | Noticed a caustic shrike
 56396 | Depths:2 | Killed a caustic shrike
 56396 | Depths:2 | Received a gift from Okawaru
 56404 | Depths:2 | Got an ancient hat {god gift}
 56413 | Depths:2 | Noticed a juggernaut
 56444 | Depths:2 | Killed a juggernaut
 56444 | Depths:2 | Reached XP level 23. HP: 129/260 MP: 35/35
 56459 | Depths:2 | Identified the +0 hat of Winter {Str+4 Slay+3} (Okawaru gifted it to you on level 2 of the Depths)
 56995 | Depths:2 | Identified Xetsof's Catalogue of Virous Snow
 57562 | Depths:3 | Found a transporter.
 57597 | Depths:3 | Found a radiant altar of Vehumet.
 58469 | Depths:3 | Found a one-way gate leading to the halls of Pandemonium.
 58487 | Depths:3 | Reached skill level 10 in Throwing
 58585 | Depths:4 | Found a one-way gate to the infinite horrors of the Abyss.
 58598 | Depths:4 | Received a gift from Okawaru
 58913 | Depths:4 | Reached skill level 15 in Dodging
 59261 | Depths:4 | Received a gift from Okawaru
 59355 | Depths:4 | Noticed the Enchantress
 59417 | Depths:4 | Received a gift from Okawaru
 59422 | Depths:4 | Killed the Enchantress
 59441 | Depths:4 | Reached skill level 22 in Fighting
 59904 | Orc:2    | Bought a scroll of enchant armour for 120 gold pieces
 59904 | Orc:2    | Bought a scroll of teleportation for 48 gold pieces
 59904 | Orc:2    | Bought a potion of haste for 160 gold pieces
 60164 | Vaults:3 | Bought a scroll of enchant armour for 112 gold pieces
 61244 | Depths:4 | Reached skill level 10 in Shields
 61244 | Depths:4 | Reached XP level 24. HP: 263/273 MP: 35/35
 61892 | Depths:5 | Entered Level 5 of the Depths
 61897 | Depths:5 | Noticed Boris
 61910 | Depths:5 | Killed Boris
 62346 | Depths:5 | Received a gift from Okawaru
 62613 | Depths:5 | Found a gate to the Realm of Zot.
 64178 | D:4      | Bought a scroll of teleportation for 30 gold pieces
 64268 | D:9      | Bought a scroll of teleportation for 87 gold pieces
 64268 | D:9      | Bought a potion of might for 116 gold pieces
 64268 | D:9      | Bought a potion of resistance for 290 gold pieces
 64574 | Vaults:5 | Entered Level 5 of the Vaults
 64695 | Vaults:5 | Received a gift from Okawaru
 64720 | Vaults:5 | Received a gift from Okawaru
 64736 | Vaults:5 | Noticed Mennas
 64834 | Vaults:5 | Reached skill level 15 in Shields
 64842 | Vaults:5 | Reached XP level 25. HP: 281/282 MP: 35/35
 65414 | Vaults:5 | Identified the Catalogue of Entrancing Stolen Souls
 65469 | Vaults:5 | Killed Mennas
 65723 | Vaults:5 | Got a silver rune of Zot
 66172 | Vaults:5 | Identified the Compendium of the Destructive Compass
 66175 | Vaults:5 | Identified the Disquisition on the Shifting Arsonist
 66330 | Vaults:5 | Received a gift from Okawaru
 66387 | Vaults:5 | Got a fine eveningstar {god gift}
 66405 | Vaults:5 | Identified the +5 eveningstar of Dismay {flame, rPois} (Okawaru gifted it to you on level 5 of the Vaults)
 67828 | Zig:1    | Entered Level 1 of a ziggurat
 67853 | Zig:2    | Entered Level 2 of a ziggurat
 67885 | Zig:3    | Entered Level 3 of a ziggurat
 67927 | Zig:3    | Identified the Almanac of Cold
 67942 | Zig:4    | Entered Level 4 of a ziggurat
 67979 | Zig:4    | Identified the Incunabulum of Sinister Changing
 67987 | Zig:4    | Identified Reptoosch's Disquisition on Glacial Stones
 68098 | Zot:1    | Entered Level 1 of the Realm of Zot
 68392 | Zot:1    | Received a gift from Okawaru
 68419 | Zot:1    | Got brightly glowing storm dragon scales {god gift}
 68420 | Zot:1    | Identified the +10 storm dragon scales of Fadghaw {rElec rPois Int+4 Dex+4} (Okawaru gifted it to you on level 1 of the Realm of Zot)
 68533 | Zot:1    | Reached XP level 26. HP: 295/295 MP: 35/35
 68535 | Zot:1    | Reached skill level 23 in Fighting
 68535 | Zot:1    | Reached XP level 27. HP: 305/305 MP: 35/35
 69458 | Zot:2    | Noticed an orb of fire
 69516 | Zot:2    | Gained mutation: You are occasionally teleported next to monsters. [an orb of fire]
 69525 | Zot:2    | Gained mutation: Scrolls take you a little longer to read. [an orb of fire]
 69528 | Zot:2    | Gained mutation: Your magical capacity is low. (-10% MP) [an orb of fire]
 69550 | Zot:2    | Killed an orb of fire
 69554 | Zot:2    | Lost mutation: Your magical capacity is low. (-10% MP) [potion of mutation]
 69554 | Zot:2    | Lost mutation: Scrolls take you a little longer to read. [potion of mutation]
 69554 | Zot:2    | Lost mutation: You are occasionally teleported next to monsters. [potion of mutation]
 69554 | Zot:2    | Gained mutation: Armour fits poorly on your strangely shaped body. [potion of mutation]
 69554 | Zot:2    | Gained mutation: You possess an exceptional clarity of mind. [potion of mutation]
 69554 | Zot:2    | Gained mutation: You are dopey. (Int -2) [potion of mutation]
 69554 | Zot:2    | Gained mutation: Your flesh is heat resistant. (rF+) [potion of mutation]
 69990 | Zot:2    | Received a gift from Okawaru
 69993 | Zot:2    | Got faintly humming pearl dragon scales {god gift}
 69994 | Zot:2    | Identified the +1 pearl dragon scales of Anaesthesia {rElec rPois rN+ MP-9 Dex+3} (Okawaru gifted it to you on level 2 of the Realm of Zot)
 71388 | Zot:3    | Reached skill level 24 in Fighting
 72198 | Zot:4    | Received a gift from Okawaru
 72837 | Zot:4    | Noticed an orb of fire
 72852 | Zot:4    | Gained mutation: Scrolls take you a little longer to read. [an orb of fire]
 72869 | Zot:4    | Lost mutation: You possess an exceptional clarity of mind. [an orb of fire]
 72882 | Zot:4    | Killed an orb of fire
 72902 | Zot:4    | Lost mutation: Armour fits poorly on your strangely shaped body. [potion of mutation]
 72902 | Zot:4    | Lost mutation: Your flesh is heat resistant. (rF+) [potion of mutation]
 72902 | Zot:4    | Lost mutation: Scrolls take you a little longer to read. [potion of mutation]
 72902 | Zot:4    | Gained mutation: You have an increased reservoir of magic. (+10% MP) [potion of mutation]
 72902 | Zot:4    | Gained mutation: You are resistant to hostile enchantments. (MR+) [potion of mutation]
 73695 | Zot:4    | Received a gift from Okawaru
 73819 | Zot:5    | Entered Level 5 of the Realm of Zot
 73864 | Zot:5    | Reached skill level 15 in Throwing
 74240 | Zot:5    | Reached skill level 25 in Fighting
 74286 | Zot:5    | Noticed an ancient lich
 74296 | Zot:5    | Killed an ancient lich
 74540 | Zot:5    | Noticed an ancient lich
 74552 | Zot:5    | Killed an ancient lich
 74552 | Zot:5    | Received a gift from Okawaru
 74627 | Zot:5    | Noticed an orb of fire
 74629 | Zot:5    | Gained mutation: Scrolls take you a little longer to read. [an orb of fire]
 74644 | Zot:5    | Noticed an orb of fire
 74648 | Zot:5    | Noticed an orb of fire
 74650 | Zot:5    | Killed an orb of fire
 74677 | Zot:5    | Gained mutation: You expend magic power (3 MP) to strengthen your wands. [an orb of fire]
 74691 | Zot:5    | Killed an orb of fire
 74693 | Zot:5    | Gained mutation: Your body sometimes deteriorates upon taking damage. [an orb of fire]
 74698 | Zot:5    | Killed an orb of fire
 74706 | Zot:5    | Noticed an ancient lich
 74710 | Zot:5    | Received a gift from Okawaru
 74727 | Zot:5    | Killed an ancient lich
 74773 | Zot:5    | Lost mutation: You expend magic power (3 MP) to strengthen your wands. [potion of mutation]
 74773 | Zot:5    | Lost mutation: Your body sometimes deteriorates upon taking damage. [potion of mutation]
 74773 | Zot:5    | Lost mutation: You are dopey. (Int -2) [potion of mutation]
 74773 | Zot:5    | Gained mutation: You are surrounded by a mild repulsion field. (EV +2) [potion of mutation]
 74773 | Zot:5    | Gained mutation: You are somewhat resistant to further mutation. [potion of mutation]
 75001 | Zot:5    | Noticed an orb of fire
 75004 | Zot:5    | Noticed an orb of fire
 75017 | Zot:5    | Killed an orb of fire
 75017 | Zot:5    | Received a gift from Okawaru
 75035 | Zot:5    | Killed an orb of fire
 75134 | Zot:5    | Received a gift from Okawaru
 75243 | Zot:5    | Got the Orb of Zot
 75328 | Zot:3    | Reached skill level 26 in Fighting
 75514 | Depths:2 | Noticed Biofin the pandemonium lord
 75580 | Depths:1 | Killed Biofin the pandemonium lord
 75609 | Depths:1 | Noticed Muodd the pandemonium lord
 75691 | D:11     | Noticed Sydaahap the pandemonium lord
 75923 | D:$      | Escaped with the Orb!

Skill      XL: |  1  2  3  4  5  6  7  8  9 10 11 12 13 14 15 16 17 18 19 20 21 22 23 24 25 26 27 |
---------------+----------------------------------------------------------------------------------+-----
Dodging        | 3 4 5 6 7 8 9 10 11 12 13 14 15 18 | 18.6
Shields        | 3 4 5 6 7 8 9 10 15 16 | 16.1
Axes           | 3 4 5 7 8 10 11 12 13 14 16 18 19 | 19.0
Fighting       | 5 6 7 8 9 10 12 13 14 15 16 17 18 19 20 21 22 23 26 | 26.1
Invocations    | 1 3 4 6 7 8 10 11 12 14 15 16 17 21 | 21.1
Armour         | 2 5 6 7 10 11 13 14 15 16 19 | 19.1
Throwing       | 4 7 9 10 15 | 15.0

Action                   |  1- 3 |  4- 6 |  7- 9 | 10-12 | 13-15 | 16-18 | 19-21 | 22-24 | 25-27 || total
-------------------------+-------+-------+-------+-------+-------+-------+-------+-------+-------++-------
Melee: War axe           |   106 |   126 |   299 |   754 |  1391 |    30 |       |       |       ||  2706
       Hand axe          |       |    20 |       |    27 |    27 |       |       |       |       ||    74
       Broad axe         |       |       |       |   141 |   301 |  1855 |  1431 |  1379 |  2238 ||  7345
Throw: Stone             |     5 |       |       |     1 |       |       |       |       |       ||     6
       Javelin           |       |       |       |    10 |    14 |    11 |       |       |       ||    35
       Large rock        |       |       |       |       |       |    22 |       |    29 |     4 ||    55
Invok: Heroism           |       |       |     1 |     6 |     1 |     5 |     2 |     3 |     8 ||    26
       Finesse           |       |       |       |     5 |     1 |     9 |     2 |     2 |    11 ||    30
Evoke: Wand              |       |       |       |     5 |     1 |       |       |       |       ||     6
  Use: Scroll            |     1 |     7 |     5 |    14 |    10 |     8 |     6 |    21 |    13 ||    85
       Potion            |       |       |       |     5 |       |     8 |     2 |     6 |    17 ||    38
 Stab: Sleeping          |       |     1 |     1 |     2 |     2 |     3 |       |       |       ||     9
       Distracted        |       |       |       |       |       |     1 |       |     2 |       ||     3
       Confused          |       |       |       |       |       |       |       |       |     1 ||     1
  Eat: Chunk             |     2 |     5 |     9 |    16 |    35 |    22 |    22 |    10 |     8 ||   129
       Ration            |       |       |     1 |     3 |     3 |    10 |     4 |     8 |     9 ||    38
Armor: Robe              |    38 |    38 |    46 |   101 |    31 |       |       |       |       ||   254
       Quicksilver drago |       |       |       |       |   265 |   546 |   295 |   218 |       ||  1324
       Gold dragon scale |       |       |       |       |       |       |       |   273 |   696 ||   969
Dodge: Dodged            |    25 |    37 |    40 |   192 |   367 |   584 |   413 |   425 |   412 ||  2495
Block: Shield            |    47 |    72 |   169 |   485 |  1130 |  1741 |  1054 |   575 |       ||  5273
       Reflection        |       |     4 |     3 |    10 |    50 |   124 |   100 |    55 |       ||   346
       Large shield      |       |       |       |       |       |       |       |   552 |  1755 ||  2307
